TOP OF THE 1ST |
Tri-City Dust Devils batting - Pitching for Rome Braves : RHP Tony Icamen
|
Pitching: RHP Tony Icamen
|
|
Batting: SHB Cesar Arteaga
|
0-0: Ball 1-0: Ball 2-0: Ball 3-0: Called Strike 3-1: Foul Ball, location: 2F 3-2: Foul Ball, location: 2F 3-2: TRIPLE (Line Drive, 9LD, EV 113.1 MPH)
|
Batting: RHB Victor Contreras
|
0-0: Swinging Strike 0-1: Called Strike 0-2: Ball 1-2: Strikes out looking
|
Batting: RHB Yuusei Narita
|
0-0: Ball 1-0: Ground out 1-3 (Groundball, 13S, EV 73.1 MPH)
|
Batting: LHB Justin Rankin
|
0-0: Ball 1-0: Called Strike 1-1: Called Strike 1-2: Foul Ball, location: 2F 1-2: Foul Ball, location: 2F 1-2: Strikes out swinging
|
Top of the 1st over - 0 runs, 1 hit, 0 errors, 1 left on base; Tri-City 0 - Rome 0 |
BOTTOM OF THE 1ST |
Rome Braves batting - Pitching for Tri-City Dust Devils : LHP Juan Lopez
|
Pitching: LHP Juan Lopez
|
|
Batting: RHB Carlos Livas
|
0-0: Ball 1-0: Ball 2-0: Fly out, F4 (Popup, 34S, EV 85.0 MPH)
|
Batting: LHB Adam Hairston
|
0-0: Called Strike 0-1: Foul Ball, location: 2F 0-2: Fly out, F8 (Flyball, 8RD, EV 93.8 MPH)
|
Batting: RHB Mike Velazquez
|
0-0: Ball 1-0: Ball 2-0: Ball 3-0: Called Strike 3-1: Called Strike 3-2: Ground out 3-1 (Groundball, 34, EV 91.9 MPH)
|
Bottom of the 1st over - 0 runs, 0 hits, 0 errors, 0 left on base; Tri-City 0 - Rome 0 |
TOP OF THE 2ND |
Tri-City Dust Devils batting - Pitching for Rome Braves : RHP Tony Icamen
|
Batting: RHB Andy Solorzano
|
0-0: Called Strike 0-1: Ball 1-1: Called Strike 1-2: Strikes out looking
|
Batting: RHB Ken Hahn
|
0-0: Called Strike 0-1: Ball 1-1: Called Strike 1-2: Ball 2-2: Ball 3-2: Strikes out looking
|
Batting: LHB Paul Collins
|
0-0: Ball 1-0: Reached on error, E4 (Groundball, 4, EV 98.8 MPH)
|
Batting: RHB Joel Vazquez
|
0-0: Ball 1-0: Foul Ball, location: 2F 1-1: DOUBLE (Line Drive, 3D, EV 96.2 MPH) Paul Collins scores
|
Batting: RHB Pleun Smit
|
0-0: Called Strike 0-1: Foul Ball, location: 2F 0-2: Strikes out swinging
|
Top of the 2nd over - 1 run, 1 hit, 1 error, 1 left on base; Tri-City 1 - Rome 0 |
BOTTOM OF THE 2ND |
Rome Braves batting - Pitching for Tri-City Dust Devils : LHP Juan Lopez
|
Batting: LHB Shigeru Ono
|
0-0: Ball 1-0: Ground out 4-3 (Groundball, 4S, EV 66.2 MPH)
|
Batting: RHB Manny Hensley
|
0-0: Swinging Strike 0-1: Ball 1-1: Ball 2-1: Foul Ball, location: 2F 2-2: Foul Ball, location: 2F 2-2: Foul Ball, location: 2F 2-2: Ball 3-2: Ground out 1-3 (Groundball, 15S, EV 67.5 MPH)
|
Batting: RHB Tony Cabrera
|
0-0: Ball 1-0: SINGLE (Groundball, 56, EV 105.6 MPH) (infield hit)
|
Batting: LHB Diego Garcia
|
0-0: Called Strike 0-1: Foul Ball, location: 2F 0-2: Ground out 4-3 (Groundball, 34D, EV 99.4 MPH)
|
Bottom of the 2nd over - 0 runs, 1 hit, 0 errors, 1 left on base; Tri-City 1 - Rome 0 |
TOP OF THE 3RD |
Tri-City Dust Devils batting - Pitching for Rome Braves : RHP Tony Icamen
|
Batting: SHB Cesar Arteaga
|
0-0: DOUBLE (Line Drive, 8RXD, EV 103.8 MPH)
|
Batting: RHB Victor Contreras
|
0-0: Called Strike 0-1: Ball 1-1: Foul Ball, location: 2F 1-2: Ball 2-2: Foul Ball, location: 2F 2-2: Ball 3-2: DOUBLE (Groundball, 3L, EV 103.8 MPH) Cesar Arteaga scores
|
Batting: RHB Yuusei Narita
|
0-0: Ball 1-0: Ball 2-0: Ball 3-0: Base on Balls
|
Batting: LHB Justin Rankin
|
0-0: Ball 1-0: Ball 2-0: Ball 3-0: Base on Balls Victor Contreras to third Yuusei Narita to second
|
Batting: RHB Andy Solorzano
|
0-0: Called Strike 0-1: Foul Ball, location: 2F 0-2: Fielders Choice at 2nd, 4-6 (Groundball, 4, EV 102.5 MPH) Victor Contreras scores Yuusei Narita to third
|
Batting: RHB Ken Hahn
|
0-0: Ball 1-0: Foul Ball, location: 2F 1-1: DOUBLE (Line Drive, 9LD, EV 109.4 MPH) Yuusei Narita scores Andy Solorzano to third
|
Batting: LHB Paul Collins
|
0-0: Ground out 6-3 (Groundball, P, EV 91.9 MPH) Andy Solorzano scores Ken Hahn to third
|
Batting: RHB Joel Vazquez
|
0-0: Foul Ball, location: 2F 0-1: Fly out, F8 (Flyball, 8LM, EV 85.0 MPH)
|
Top of the 3rd over - 4 runs, 3 hits, 0 errors, 1 left on base; Tri-City 5 - Rome 0 |
BOTTOM OF THE 3RD |
Rome Braves batting - Pitching for Tri-City Dust Devils : LHP Juan Lopez
|
Batting: RHB Yutaka Yamane
|
0-0: Swinging Strike 0-1: SINGLE (Line Drive, 89M, EV 108.1 MPH)
|
Batting: LHB Ivan Castillo
|
0-0: Called Strike 0-1: Fielders Choice at 2nd, 6-4 (Groundball, 56, EV 84.4 MPH)
|
Batting: RHB Carlos Livas
|
0-0: SINGLE (Line Drive, 56D, EV 96.2 MPH) Ivan Castillo to second
|
Batting: LHB Adam Hairston
|
0-0: Fly out, F7 (Flyball, 7S, EV 88.1 MPH)
|
Batting: RHB Mike Velazquez
|
0-0: Foul Ball, location: 2F 0-1: Called Strike 0-2: Ball 1-2: Ball 2-2: Ball 3-2: Strikes out swinging
|
Bottom of the 3rd over - 0 runs, 2 hits, 0 errors, 2 left on base; Tri-City 5 - Rome 0 |
TOP OF THE 4TH |
Tri-City Dust Devils batting - Pitching for Rome Braves : RHP Tony Icamen
|
Batting: RHB Pleun Smit
|
0-0: Ball 1-0: Called Strike 1-1: Foul Ball, location: 2F 1-2: Ball 2-2: Ball 3-2: Strikes out swinging
|
Batting: SHB Cesar Arteaga
|
0-0: Ball 1-0: Called Strike 1-1: Called Strike 1-2: SINGLE (Line Drive, 56D, EV 96.9 MPH)
|
Batting: RHB Victor Contreras
|
0-0: Called Strike 0-1: Ball 1-1: Ground out 4-3 (Groundball, 4, EV 101.2 MPH) Cesar Arteaga to second
|
Batting: RHB Yuusei Narita
|
0-0: Called Strike 0-1: Foul Ball, location: 2F 0-2: Foul Ball, location: 2F 0-2: Ball 1-2: Foul Ball, location: 2F 1-2: Ground out 3-1 (Groundball, 34, EV 105.6 MPH)
|
Top of the 4th over - 0 runs, 1 hit, 0 errors, 1 left on base; Tri-City 5 - Rome 0 |
BOTTOM OF THE 4TH |
Rome Braves batting - Pitching for Tri-City Dust Devils : LHP Juan Lopez
|
Batting: LHB Shigeru Ono
|
0-0: Ball 1-0: DOUBLE (Line Drive, 7LM, EV 107.5 MPH)
|
Batting: RHB Manny Hensley
|
0-0: Ball 1-0: Fly out, F6 (Popup, 6M, EV 60.6 MPH)
|
Batting: RHB Tony Cabrera
|
0-0: Fly out, F9 (Flyball, 9, EV 98.1 MPH)
|
Batting: LHB Diego Garcia
|
0-0: Ball 1-0: Ball Wild Pitch! Shigeru Ono to third 2-0: Called Strike 2-1: Called Strike 2-2: Ball 3-2: Strikes out swinging
|
Bottom of the 4th over - 0 runs, 1 hit, 0 errors, 1 left on base; Tri-City 5 - Rome 0 |
TOP OF THE 5TH |
Tri-City Dust Devils batting - Pitching for Rome Braves : RHP Tony Icamen
|
Batting: LHB Justin Rankin
|
0-0: Ball 1-0: Ball 2-0: Ball 3-0: Called Strike 3-1: Called Strike 3-2: Ground out 4-3 (Groundball, 4, EV 92.5 MPH)
|
Batting: RHB Andy Solorzano
|
0-0: Ground out 5-3 (Groundball, 56, EV 91.9 MPH)
|
Batting: RHB Ken Hahn
|
0-0: Called Strike 0-1: Foul Ball, location: 2F 0-2: Foul Ball, location: 2F 0-2: Foul Ball, location: 2F 0-2: Hit by Pitch
|
Pitching: RHP Jose Clemente
|
|
Batting: LHB Paul Collins
|
0-0: Called Strike 0-1: Called Strike 0-2: Ball Wild Pitch! Ken Hahn to second 1-2: DOUBLE (Flyball, 8LXD, EV 101.2 MPH) Ken Hahn scores
|
Batting: RHB Joel Vazquez
|
0-0: Ball 1-0: Called Strike 1-1: Fly out, F7 (Flyball, 7LMF, EV 110.0 MPH)
|
Top of the 5th over - 1 run, 1 hit, 0 errors, 1 left on base; Tri-City 6 - Rome 0 |
BOTTOM OF THE 5TH |
Rome Braves batting - Pitching for Tri-City Dust Devils : LHP Juan Lopez
|
Batting: RHB Yutaka Yamane
|
0-0: Foul Ball, location: 2F 0-1: Foul Ball, location: 2F 0-2: Ball 1-2: Ball 2-2: Ball 3-2: Base on Balls
|
Batting: LHB Ivan Castillo
|
0-0: Called Strike 0-1: Ball 1-1: Ball 2-1: Called Strike 2-2: Foul Ball, location: 2F 2-2: Ball 3-2: Ground out 6-3 (Groundball, 6, EV 101.9 MPH) Yutaka Yamane to second
|
Batting: RHB Carlos Livas
|
0-0: Ball 1-0: Called Strike 1-1: Ball 2-1: SINGLE (Groundball, 25, EV 66.2 MPH) (infield hit) Yutaka Yamane to third
|
Batting: LHB Adam Hairston
|
0-0: Called Strike Carlos Livas steals 2nd base 0-1: SINGLE (Groundball, 6M, EV 105.6 MPH) (infield hit) Yutaka Yamane scores Carlos Livas to third
|
Batting: RHB Mike Velazquez
|
0-0: Foul Ball, location: 2F 0-1: Fielders Choice at 2nd, 6-4 (Groundball, 6, EV 104.4 MPH) Carlos Livas scores
|
Batting: LHB Shigeru Ono
|
0-0: Fly out, F9 (Flyball, 9S, EV 89.4 MPH)
|
Bottom of the 5th over - 2 runs, 2 hits, 0 errors, 1 left on base; Tri-City 6 - Rome 2 |
TOP OF THE 6TH |
Tri-City Dust Devils batting - Pitching for Rome Braves : RHP Jose Clemente
|
Batting: RHB Pleun Smit
|
0-0: Foul Ball, location: 2F 0-1: SOLO HOME RUN (Flyball, 7D, EV 95.0 MPH), Distance : 373 ft
|
Batting: SHB Cesar Arteaga
|
0-0: Ball 1-0: Ball 2-0: Foul Ball, location: 2F 2-1: Swinging Strike 2-2: Ball 3-2: Reached on error, E5 (Groundball, 56, EV 88.8 MPH)
|
Batting: RHB Victor Contreras
|
0-0: Called Strike Cesar Arteaga steals 2nd base 0-1: Ground out 4-3 (Groundball, 4, EV 86.9 MPH) Cesar Arteaga to third
|
Batting: RHB Yuusei Narita
|
0-0: Ball Wild Pitch! Cesar Arteaga scores 1-0: Ground out 4-3 (Groundball, 4, EV 99.4 MPH)
|
Batting: LHB Justin Rankin
|
0-0: Called Strike 0-1: SINGLE (Groundball, 6MD, EV 98.8 MPH)
|
Batting: RHB Andy Solorzano
|
0-0: Ball 1-0: Foul Ball, location: 2F 1-1: Called Strike 1-2: Ground out U3 (Groundball, 3L, EV 84.4 MPH)
|
Top of the 6th over - 2 runs, 2 hits, 1 error, 1 left on base; Tri-City 8 - Rome 2 |
BOTTOM OF THE 6TH |
Rome Braves batting - Pitching for Tri-City Dust Devils : LHP Juan Lopez
|
Batting: RHB Manny Hensley
|
0-0: Swinging Strike 0-1: Ball 1-1: Foul Ball, location: 2F 1-2: Ball 2-2: Ball 3-2: Foul Ball, location: 2F 3-2: Fly out, F8 (Flyball, 89D, EV 91.9 MPH)
|
Batting: RHB Tony Cabrera
|
0-0: Called Strike 0-1: Ground out 5-3 (Groundball, 5L, EV 101.9 MPH)
|
Batting: LHB Diego Garcia
|
0-0: Ball 1-0: Ball 2-0: Swinging Strike 2-1: Foul Ball, location: 2F 2-2: Ball 3-2: Fly out, F8 (Flyball, 8LM, EV 95.6 MPH)
|
Bottom of the 6th over - 0 runs, 0 hits, 0 errors, 0 left on base; Tri-City 8 - Rome 2 |
TOP OF THE 7TH |
Tri-City Dust Devils batting - Pitching for Rome Braves : RHP Jose Clemente
|
Batting: RHB Ken Hahn
|
0-0: SINGLE (Groundball, 4MS, EV 64.4 MPH) (infield hit)
|
Batting: LHB Paul Collins
|
0-0: Fly out, F4 (Line Drive, 4MD, EV 71.2 MPH)
|
Batting: RHB Joel Vazquez
|
0-0: Called Strike 0-1: Fielders Choice at 2nd, 1-6 (Groundball, 34S, EV 63.8 MPH)
|
Batting: RHB Pleun Smit
|
0-0: Called Strike 0-1: Ball 1-1: Fielders Choice at 2nd, 6-4 (Groundball, 6, EV 103.8 MPH)
|
Top of the 7th over - 0 runs, 1 hit, 0 errors, 1 left on base; Tri-City 8 - Rome 2 |
BOTTOM OF THE 7TH |
Rome Braves batting - Pitching for Tri-City Dust Devils : LHP Juan Lopez
|
Batting: RHB Yutaka Yamane
|
0-0: Ball 1-0: Called Strike 1-1: Ground out U3 (Groundball, 34, EV 90.0 MPH)
|
Batting: LHB Ivan Castillo
|
0-0: Called Strike 0-1: Swinging Strike 0-2: Strikes out looking
|
Batting: RHB Carlos Livas
|
0-0: Ball 1-0: Ground out 3-1 (Groundball, 34S, EV 67.5 MPH)
|
Bottom of the 7th over - 0 runs, 0 hits, 0 errors, 0 left on base; Tri-City 8 - Rome 2 |
TOP OF THE 8TH |
Tri-City Dust Devils batting - Pitching for Rome Braves : RHP Jose Clemente
|
Batting: SHB Cesar Arteaga
|
0-0: Ball 1-0: Foul Ball, location: 2F 1-1: Ball 2-1: Hit by Pitch
|
Batting: RHB Victor Contreras
|
0-0: Foul Ball, location: 2F 0-1: Ball 1-1: SINGLE (Groundball, 34D, EV 102.5 MPH) Cesar Arteaga to second Cesar Arteaga to third
|
Pitching: RHP Tyler Duffy
|
|
Batting: RHB Yuusei Narita
|
0-0: Ball 1-0: Swinging Strike 1-1: Ball Wild Pitch! Cesar Arteaga scores Victor Contreras to second 2-1: Foul Ball, location: 2F 2-2: Foul Ball, location: 2F 2-2: Fly out, F8 (Flyball, 78M, EV 78.8 MPH)
|
Batting: LHB Justin Rankin
|
0-0: Ground out U3 (Groundball, 3, EV 83.1 MPH) Victor Contreras to third
|
Pinch Hitting: RHB Pete Deschamps
|
0-0: Foul Ball, location: 2F 0-1: Ball 1-1: Called Strike 1-2: SINGLE (Groundball, 6MD, EV 103.8 MPH) Victor Contreras scores
|
Batting: RHB Ken Hahn
|
0-0: Fly out, F8 (Flyball, 8LM, EV 86.2 MPH)
|
Top of the 8th over - 2 runs, 2 hits, 0 errors, 1 left on base; Tri-City 10 - Rome 2 |
BOTTOM OF THE 8TH |
Rome Braves batting - Pitching for Tri-City Dust Devils : LHP Juan Lopez
|
Now at 1B: Drew Duncan
|
|
Batting: LHB Adam Hairston
|
0-0: Ball 1-0: SINGLE (Groundball, 56D, EV 105.6 MPH)
|
Batting: RHB Mike Velazquez
|
0-0: Foul Ball, location: 2F 0-1: Ball 1-1: Foul Ball, location: 2F 1-2: Strikes out looking
|
Batting: LHB Shigeru Ono
|
Balk! Adam Hairston to second 0-0: Fly out, F7 (Line Drive, 78M, EV 85.6 MPH)
|
Batting: RHB Manny Hensley
|
0-0: Hit by Pitch
|
Batting: RHB Tony Cabrera
|
0-0: Swinging Strike 0-1: Ball 1-1: Fly out, F9 (Line Drive, 9, EV 86.9 MPH)
|
Bottom of the 8th over - 0 runs, 1 hit, 0 errors, 2 left on base; Tri-City 10 - Rome 2 |
TOP OF THE 9TH |
Tri-City Dust Devils batting - Pitching for Rome Braves : RHP Tyler Duffy
|
Batting: LHB Paul Collins
|
0-0: Called Strike 0-1: Called Strike 0-2: Foul Ball, location: 2F 0-2: Ball 1-2: Foul Ball, location: 2F 1-2: Ball 2-2: Strikes out looking
|
Batting: RHB Joel Vazquez
|
0-0: Swinging Strike 0-1: Ground out 6-3 (Groundball, 6, EV 83.1 MPH)
|
Batting: RHB Pleun Smit
|
0-0: Called Strike 0-1: Foul Ball, location: 2F 0-2: Foul Ball, location: 2F 0-2: Foul Ball, location: 2F 0-2: Strikes out looking
|
Top of the 9th over - 0 runs, 0 hits, 0 errors, 0 left on base; Tri-City 10 - Rome 2 |
BOTTOM OF THE 9TH |
Rome Braves batting - Pitching for Tri-City Dust Devils : LHP Juan Lopez
|
Batting: LHB Diego Garcia
|
0-0: Ball 1-0: Ball 2-0: Foul Ball, location: 2F 2-1: Foul Ball, location: 2F 2-2: Ball 3-2: Ground out 5-3 (Groundball, 56S, EV 86.2 MPH)
|
Batting: RHB Yutaka Yamane
|
0-0: Ball 1-0: Called Strike 1-1: Ball 2-1: Ball 3-1: Called Strike 3-2: Base on Balls
|
Batting: LHB Ivan Castillo
|
0-0: Ball 1-0: Ball 2-0: Foul Ball, location: 2F 2-1: Called Strike 2-2: Grounds into double play, 6-4-3 (Groundball, 6, EV 78.1 MPH)
|
Bottom of the 9th over - 0 runs, 0 hits, 0 errors, 0 left on base; Tri-City 10 - Rome 2 |
|